 Dungeon Crawl Stone Soup version 0.29.1-15-g9cfb28693d (webtiles) character file.

Game seed: 1276784201604986385

356 croobank the Firebug (level 6, 0/44 HPs)
             Began as a Demonspawn Fire Elementalist on Mar 21, 2023.
             Slain by an ogre
             ... wielding a +0 giant club
              (9 damage)
             ... on level 4 of the Dungeon.
             The game lasted 00:09:22 (4737 turns).

croobank the Firebug (Demonspawn Fire Elementalist) Turns: 4737, Time: 00:09:22

Health: 0/44       AC:  2    Str:  8    XL:     6   Next: 36%
Magic:  8/10       EV: 12    Int: 18    God:
Gold:   208        SH:  0    Dex: 14    Spells: 5/11 levels left

rFire   . . .      SeeInvis .   a - +1 dagger (venom)
rCold   . . .      Faith    .   (no shield)
rNeg    + . .      Spirit   .   f - +0 robe
rPois   .          Reflect  .   (no helmet)
rElec   .          Harm     .   (no cloak)
rCorr   .          Rampage  .   (no gloves)
Will    .....                   (no boots)
Stlth   ++........              (no amulet)
HPRegen 0.14/turn               q - ring of positive energy
MPRegen 0.12/turn               (no ring)

@: no status effects
A: foul stench 2, demonic touch 1
a: no special abilities


You were on level 4 of the Dungeon.
You visited 1 branch of the dungeon, and saw 4 of its levels.

You collected 208 gold pieces.

Inventory:

Hand Weapons
 a - a +1 dagger of venom (weapon)
 b - a +0 sling
 k - a +0 short sword
 l - a +0 war axe
 p - a +0 quarterstaff
 t - a +4 dagger
Armour
 f - a +0 robe (worn)
 n - +0 storm dragon scales
Jewellery
 q - a ring of positive energy (left hand)
 r - a +6 ring of intelligence
Wands
 m - a wand of flame (9)
Scrolls
 c - a scroll of teleportation {unknown}
 e - a scroll of enchant weapon {unknown}
 i - a scroll of noise {unknown}
 j - a scroll of amnesia {unknown}
 o - a scroll of immolation
 s - a scroll of blinking {unknown}
 u - a scroll of fear {unknown}
 v - 2 scrolls of identify
Potions
 d - 2 potions of attraction
 g - 3 potions of curing
 h - 2 potions of magic
 w - a potion of heal wounds {unknown}


   Skills:
 + Level 2.0 Fighting
 + Level 2.8 Dodging
 + Level 3.1 Stealth
 + Level 3.0 Spellcasting
 + Level 2.5 Conjurations
 + Level 1.7 Hexes
 + Level 3.5 Fire Magic


You had 5 spell levels left.
You knew the following spells:

 Your Spells              Type           Power      Damage    Failure   Level
a - Foxfire               Conj/Fire      52%        2x1d6     4%          1
b - Scorch                Fire           30%        2d6       6%          2
c - Dazzling Flash        Conj/Hex       20%        N/A       21%         3

Your spell library contained the following spells:

 Spells                   Type           Power      Damage    Failure   Level
 Conjure Flame            Conj/Fire      13%        6-21      14%         3
 Inner Flame              Hex/Fire       12%        N/A       17%         3
 Sublimation of Blood     Necr           2%         N/A       24%         2
 Wereblood                Tmut           2%         N/A       24%         2
 Flame Wave               Conj/Fire      13%        2d6       43%         4
 Silence                  Hex/Air        2%         N/A       97%         5
 Agony                    Necr           2%         N/A       99%         5
 Summon Hydra             Summ           1%         N/A       100%        7


Dungeon Overview and Level Annotations

Branches:
Dungeon (4/15)
 Temple: D:4-7

Altars:
Fedhas
Xom

Annotations:
D:4 3 runed translucent doors, fishwithlegs's ghost, amateur MiBe


Innate Abilities, Weirdness & Mutations

You sometimes emit foul miasma when damaged in melee.
Your touch may inflict minor irresistible damage on your foes.


Message History

No target in view!
Things that are here:
a +0 club; a +0 chain mail; an orc corpse
w - a viscous red potion
Found 4 stones.
You see here 4 stones.
Fishwithlegs's ghost turns its malevolent gaze towards you.
v - 2 scrolls of identify (gained 1) Fishwithlegs's ghost screams in joy, "As in life, so in death: Kill!
Kill!!
Kill!!!"
You see here 4 stones.
Things that are here:
a +0 dagger; a +0 robe; a +0 hand axe
Found a chain mail.
You now have 208 gold pieces (gained 17).
You see here a +0 chain mail.
You see here a +0 chain mail.
Found a dagger.
You see here a +0 dagger.
A goblin comes into view. It is wielding a +0 dagger.
An ogre comes into view. It is wielding a +0 giant club.
Found a ring mail and 20 gold pieces.
The goblin shouts!
The ogre shouts!
The ogre closely misses you.
You hit the ogre.
The ogre is poisoned.
The ogre is lightly wounded.
You hit the ogre.
The ogre looks as sick as possible!
The ogre is moderately wounded.
The ogre hits you with a +0 giant club!!
Ouch! That really hurt!
* * * LOW HITPOINT WARNING * * *
Okay, then.
Okay, then.
Okay, then.
Okay, then.
Casting: Foxfire (safe; 4% risk of failure)
Confirm with . or Enter, or press ? or * to list all spells.
Flames lash the goblin.
You kill the goblin!
The ogre hits you with a +0 giant club!
You die...

.#######.# #.
...........##### +.
#$#. .#.##...........
+.##... .[ #.####.#####
#..#.#.#.## #.# ##.##
........ ..###...##
#.....# #.##.....# .
#...O.# #.###....#
....#).@#####.# ##.#.#
..............# ###.##
....##.######.#####...#
... #. #............# #
#. #.##.#####...# .. #
#.# ##### ## #.# ..#
###


You could see an ogre (extremely poisoned).

Vanquished Creatures
  Sigmund (D:2)
  An orc wizard (D:4)
  5 adders
  4 gnolls
  A worm (D:3)
  A dart slug (D:3)
  2 orcs (D:4)
  9 endoplasms
  3 giant cockroaches (D:1)
  7 goblins
  4 hobgoblins
  9 jackals
  8 kobolds
  2 quokkas
  2 ball pythons
  6 bats
  5 frilled lizards
  7 rats
77 creatures vanquished.

Vanquished Creatures (others)
  165 foxfires
165 creatures vanquished.

Grand Total: 242 creatures vanquished

Notes
Turn   | Place    | Note
-------+----------+-------------------------------------------
     0 | D:1      | croobank the Demonspawn Fire Elementalist began the quest
                  | for the Orb.
     0 | D:1      | Reached XP level 1. HP: 13/13 MP: 3/3
   621 | D:1      | Gained mutation: You may rarely emit foul miasma when
                  | damaged in melee. [demonic ancestry]
   621 | D:1      | Reached XP level 2. HP: 19/19 MP: 1/5
   624 | D:1      | Learned a level 2 spell: Scorch
  2014 | D:1      | Reached XP level 3. HP: 12/24 MP: 0/6
  2158 | D:1      | Learned a level 3 spell: Dazzling Flash
  2526 | D:1      | Gained mutation: Your touch may inflict minor irresistible
                  | damage on your foes. [demonic ancestry]
  2526 | D:1      | Reached XP level 4. HP: 23/31 MP: 0/7
  2608 | D:2      | Reached skill level 1 in Fighting
  2987 | D:2      | Noticed Sigmund
  2999 | D:2      | Killed Sigmund
  3000 | D:2      | Reached skill level 1 in Hexes
  3000 | D:2      | Reached XP level 5. HP: 29/38 MP: 1/9
  3172 | D:2      | Gained mutation: You sometimes emit foul miasma when
                  | damaged in melee. [demonic ancestry]
  3172 | D:2      | Reached XP level 6. HP: 44/44 MP: 5/10
  3256 | D:2      | Found a faded altar of an unknown god.
  4067 | D:3      | Found a broken altar of Ashenzari.
  4069 | D:3      | Found a hazy altar of Hepliaklqana.
  4069 | D:3      | Found a blossoming altar of Fedhas.
  4096 | D:3      | Found a shimmering altar of Xom.
  4096 | D:3      | Found a shimmering altar of Xom.
  4612 | D:4      | Found a runed translucent gate.
  4612 | D:4      | Found a runed translucent gate.
  4614 | D:4      | Found a runed translucent gate.
  4616 | D:4      | Noticed fishwithlegs's ghost (amateur MiBe)
  4737 | D:4      | Slain by an ogre

Illustrated notes

Levels and vault maps discovered:
D:1:      sevenhm_arrival_forest_fort_small_4, layout_basic,
          chequers_serial_rivers_micro_a, corexii_hall_statues_x,
          minmay_misc_feat_five, chequers_garden, minmay_distorted
D:2:      layout_basic, serial_rivers, chequers_serial_rivers_small_3,
          chequers_serial_rivers_micro_a, chequers_serial_rivers_small_b,
          chequers_serial_rivers_small_3, chequers_serial_rivers_micro_e,
          hellmonk_ecumenical_altar_blasted, minivault_26, uniq_sigmund
D:3:      layout_rooms, doesnt_xom_only_xom
D:4:      layout_loops_ring, gammafunk_ghost_necromancy,
          kennysheep_generic_room_12

Skill      XL: |  1  2  3  4  5  6 |
---------------+-------------------+-----
Stealth        | 2 3 |  3.1
Dodging        | 2 |  2.8
Fire Magic     | 3 |  3.5
Fighting       | 1 2 |  2.0
Conjurations   | 2 |  2.5
Hexes          | 1 |  1.7
Spellcasting   | 3 |  3.0

Action                   |  1- 3 |  4- 6 || total
-------------------------+-------+-------++-------
Melee: Unarmed           |    10 |       ||    10
       Dagger            |     2 |    37 ||    39
       Touch             |       |    12 ||    12
       Punch             |       |     1 ||     1
 Fire: Sling             |     6 |       ||     6
 Cast: Foxfire           |    43 |    48 ||    91
       Scorch            |     9 |    12 ||    21
       Dazzling Flash    |       |     1 ||     1
  Use: Scroll            |       |     3 ||     3
 Stab: Invisible         |       |     2 ||     2
       Sleeping          |       |     1 ||     1
Armor: Robe              |     4 |     4 ||     8
Dodge: Dodged            |    20 |    21 ||    41
